 Dungeon Crawl Stone Soup version 0.24.1-8-ga250c9d538 (webtiles) character file.

Game seed: 16704823219631872742, levelgen mode: deterministic

3981 Hugehornet the Martial Artist (level 10, -6/58 HPs)
             Began as an Octopode Transmuter on May 5, 2020.
             Was an Elder of Cheibriados.
             Mangled by Erica
             ... wielding a +0 scimitar of flaming
              (13 damage)
             ... on level 8 of the Dungeon.
             The game lasted 00:39:29 (11805 turns).

Hugehornet the Martial Artist (OpTm)               Turns: 11805, Time: 00:39:29

Health: -6/58      AC:  2    Str: 21    XL:     10   Next: 22%
Magic:  10/17      EV: 20    Int: 28    God:    Cheibriados [****..]
Gold:   399        SH:  0    Dex: 26    Spells: 4/19 levels left

rFire    . . .     SeeInvis .     - Unarmed
rCold    . . .     Gourm    .   (shield currently unavailable)
rNeg     . . .     Faith    +   (helmet currently unavailable)
rPois    x         Spirit   .   h - amulet of faith
rElec    .         Reflect  .   j - +2 ring of strength
rCorr    .         Harm     .   n - ring of protection from magic
MR       +....                  (no ring)
Stlth    ++++......             (no ring)
HPRegen  0.19/turn              (no ring)
MPRegen  0.15/turn              (no ring)
                                (no ring)
                                (no ring)

@: lethally poisoned (-6 -> -22), spider-form, very slow
A: tiny, almost no armour, stealthy swim, (amphibious), 8 rings, (constrict 8),
blurry vision 1, wild magic 1
a: End Transformation, Bend Time, Temporal Distortion, Slouch, Renounce Religion


You were on level 8 of the Dungeon.
You worshipped Cheibriados.
Cheibriados was greatly pleased with you.
You were not hungry.
You were a venomous arachnid creature.
You visited 2 branches of the dungeon, and saw 11 of its levels.

You collected 399 gold pieces.

Inventory:

Missiles
 a - 31 arrows
Armour
 i - a +0 shield
 B - a +0 large shield
Jewellery
 h - an amulet of faith (around neck)
 j - a +2 ring of strength (left front leg)
 n - a ring of protection from magic (right front leg)
Wands
 d - a wand of flame (19)
 g - a wand of enslavement (6)
 u - a wand of iceblast (9)
 w - a wand of acid (16)
Scrolls
 e - 2 scrolls of immolation
 k - 2 scrolls of teleportation
 o - 2 scrolls of blinking
 p - a scroll of noise {unknown}
 r - 4 scrolls of remove curse
 s - a scroll of enchant weapon {unknown}
 t - 2 scrolls of enchant armour
 v - a scroll of amnesia
 y - a scroll of random uselessness {unknown}
 D - a scroll of magic mapping {unknown}
Potions
 b - a potion of lignification
 f - 5 potions of curing
 l - 2 potions of haste
 q - a potion of berserk rage
 x - a potion of brilliance {unknown}
 A - a potion of cancellation
 C - a potion of flight
Comestibles
 c - 19 rations


   Skills:
 - Level 1.0 Fighting
 - Level 2.0 Dodging
 - Level 5.0 Stealth
 * Level 10.4 Unarmed Combat
 - Level 5.0 Spellcasting
 - Level 7.0 Transmutations
 - Level 3.0 Ice Magic
 - Level 2.3 Poison Magic
 - Level 3.0 Invocations


You had 4 spell levels left.
You knew the following spells:

 Your Spells              Type           Power        Failure   Level  Hunger
a - Beastly Appendage     Tmut           ######       5%          1    None
b - Sticks to Snakes      Tmut           ######..     6%          2    None
c - Spider Form           Tmut/Pois      #####.....   16%         3    #......
d - Ice Form              Ice/Tmut       #####...     30%         4    ###....
e - Blade Hands           Tmut           ######....   34%         5    #####..

Your spell library contained the following spells:

 Spells                   Type           Power        Failure   Level  Hunger
 Passwall                 Tmut/Erth      ####....     13%         2    None
 Animate Skeleton         Necr           N/A          26%         1    None
 Pain                     Necr           #...         26%         1    None
 Sandblast                Erth           #.....       26%         1    None
 Summon Small Mammal      Summ           #...         26%         1    None
 Call Imp                 Summ           #.......     32%         2    None
 Petrify                  Tmut/Erth      ####....     43%         4    ###....
 Call Canine Familiar     Summ           #.......     50%         3    #......
 Regeneration             Chrm/Necr      #.........   50%         3    #......
 Stone Arrow              Conj/Erth      #.....       50%         3    #......
 Summon Guardian Golem    Hex/Summ       #.......     50%         3    #......
 Vampiric Draining        Necr           #.........   50%         3    #......
 Summon Ice Beast         Ice/Summ       ###.....     65%         4    ###....
 Animate Dead             Necr           N/A          82%         4    ###....
 Summon Lightning Spire   Summ/Air       #.......     82%         4    ###....
 Lee's Rapid Deconstruct  Erth           #.........   98%         5    #####..
 Haunt                    Necr/Summ      #.........   100%        7    #######
 Borgnjor's Revivificati  Necr           #.........   100%        8    #######
 Death's Door             Chrm/Necr      #.........   100%        8    #######
 Infestation              Necr           #.........   100%        8    #######
 Necromutation            Tmut/Necr      ####......   100%        8    #######


Dungeon Overview and Level Annotations

Branches:
Dungeon (10/15)            Temple (1/1) D:4
   Lair: D:8-11         Orc: D:9-12

Altars:
Ashenzari
Cheibriados
Dithmenos
Elyvilon
Gozag
Hepliaklqana
Makhleb
Nemelex Xobeh
Okawaru
Ru
Trog
Vehumet
Wu Jian
Xom
Zin
The Shining One

Annotations:
D:5 exclusion: 2 doors
D:8 Erica


Innate Abilities, Weirdness & Mutations

You cannot wear most types of armour.
You are very stealthy in the water. (Stealth+)
((You are amphibious.))
You can wear up to eight rings at the same time.
((You can use your tentacles to constrict eight enemies at once.))
((Your skin changes colour to match your surroundings (Stealth+).))
((Your rubbery body absorbs attacks. (AC +1, EV +1)))
((You are partially covered in slimy green scales. (AC +2)))
Scrolls take you a little longer to read.
Your spells are a little harder to cast, but a little more powerful.


Message History

Ouch! That really hurt!
* * * LOW HITPOINT WARNING * * *
The bolt of poison hits your adder!!
Your adder is poisoned.
Your adder dies!
You feel much better.
You feel sick.
You bite something!
You feel sick.
You bite something!
You feel sick. Something hits you! Something burns you.
* * * LOW HITPOINT WARNING * * *
You bite something!
* * * LOW HITPOINT WARNING * * *
You feel sick. Something hits you.
* * * LOW HITPOINT WARNING * * *
Something burns you.
* * * LOW HITPOINT WARNING * * *
Really read with blurry vision while enemies are nearby?
You begin reading the scroll.
You continue reading the scroll.
* * * LOW HITPOINT WARNING * * *
You feel sick. Something hits you!
You die...

## .# .# ############### #
.# #.............# .. .#
#.............# ... .#
#.............# .... .#
#.............##.....
'#####.........SSS........
................s{†.......
..........#########....###
..........# #....#
..........##### #....#
+##...........# #....#
..+...........+ +>...#
..#.[.........# #....#
..#...........# #....#####
..#...........#####........#


You could see a friendly water moccasin and 2 friendly adders.

Vanquished Creatures
  A troll (D:5)
  3 yaks (D:10)
  A wyvern (D:9)
  Sigmund (D:5)
  A water moccasin (D:10)
  4 sky beasts
  Duvessa (D:5)
  An orc warrior (D:8)
  A black bear (D:3)
  An ogre (D:8)
  2 centaurs
  3 bullfrogs (D:6)
  Dowan (D:5)
  5 wights (D:6)
  8 killer bees (D:10)
  5 crimson imps
  6 hounds
  A quasit (D:6)
  A bullfrog zombie (D:5)
  A jelly (D:10)
  5 orc wizards
  3 orc priests
  A bullfrog skeleton (D:9)
  A gnoll shaman (D:10)
  2 worker ants
  9 gnolls
  9 adders
  An ooze (D:1)
  An adder zombie (D:5)
  A worm (D:3)
  2 dart slugs
  2 leopard geckos
  37 orcs
  2 ball pythons (D:3)
  4 bats (D:1)
  4 giant cockroaches
  11 goblins
  8 hobgoblins
  4 jackals
  10 kobolds
  4 quokkas
  4 frilled lizards
  9 rats
182 creatures vanquished.

Vanquished Creatures (collateral kills)
  A queen bee (D:10)
  A wyvern zombie (D:6)
  3 killer bees (D:10)
  The ghost of pedritolo the Skirmisher, a weakling FeCK of Xom (D:3)
6 creatures vanquished.

Grand Total: 188 creatures vanquished

Notes
Turn   | Place    | Note
-------+----------+-------------------------------------------
     0 | D:1      | Hugehornet the Octopode Transmuter began the quest for the
                  | Orb.
     0 | D:1      | Reached XP level 1. HP: 13/13 MP: 3/3
    47 | D:1      | Reached XP level 2. HP: 18/18 MP: 3/5
   249 | D:1      | Learned a level 2 spell: Sticks to Snakes
   749 | D:1      | Reached XP level 3. HP: 23/23 MP: 4/6
   969 | D:1      | Learned a level 3 spell: Spider Form
  1217 | D:2      | Found a white marble altar of Elyvilon.
  1461 | D:2      | Reached XP level 4. HP: 15/28 MP: 5/7
  1983 | D:3      | Found a hazy altar of Hepliaklqana.
  1992 | D:3      | Reached skill level 1 in Poison Magic
  2078 | D:3      | Found a runed translucent door.
  2080 | D:3      | Noticed pedritolo's ghost (weakling FeCK)
  2103 | D:3      | Killed pedritolo's ghost
  2246 | D:3      | Reached XP level 5. HP: 33/33 MP: 4/8
  2541 | D:3      | Noticed a black bear
  3072 | D:3      | Found an ornate altar of the Wu Jian Council.
  3115 | D:3      | Reached skill level 4 in Unarmed Combat
  3442 | D:3      | Killed a black bear
  3442 | D:3      | Reached XP level 6. HP: 33/38 MP: 7/9
  3506 | D:4      | Reached skill level 5 in Transmutations
  3873 | D:4      | Reached skill level 5 in Unarmed Combat
  4026 | D:4      | Reached XP level 7. HP: 29/43 MP: 10/10
  4236 | D:4      | Found a staircase to the Ecumenical Temple.
  4249 | Temple   | Entered the Ecumenical Temple
  4660 | D:4      | Reached skill level 6 in Unarmed Combat
  5146 | D:5      | Entered Level 5 of the Dungeon
  5272 | D:5      | Reached skill level 1 in Stealth
  5416 | D:5      | Noticed Sigmund
  5542 | D:5      | Killed Sigmund
  5724 | D:5      | Found an iron altar of Okawaru.
  5725 | D:5      | Noticed Dowan
  5777 | D:5      | Found a snail-covered altar of Cheibriados.
  5783 | D:5      | Became a worshipper of Cheibriados the Contemplative
  5943 | D:5      | Reached XP level 8. HP: 21/48 MP: 10/12
  6117 | D:5      | Noticed Duvessa
  6264 | D:5      | Noticed a troll
  6495 | D:5      | Killed Duvessa
  6495 | D:5      | Reached skill level 7 in Unarmed Combat
  6576 | D:5      | Killed Dowan
  6995 | D:5      | Killed a troll
  7154 | D:6      | Learned a level 4 spell: Ice Form
  7421 | D:6      | Reached skill level 5 in Stealth
  7445 | D:6      | Reached skill level 8 in Unarmed Combat
  7602 | D:6      | Reached * piety under Cheibriados
  7875 | D:6      | Reached skill level 1 in Invocations
  8007 | D:6      | Reached skill level 1 in Ice Magic
  8007 | D:6      | Reached XP level 9. HP: 44/53 MP: 13/15
  8597 | D:6      | Reached ** piety under Cheibriados
  8851 | D:7      | Found a radiant altar of Vehumet.
  8851 | D:7      | Found a burning altar of Makhleb.
  8865 | D:7      | Learned a level 5 spell: Blade Hands
  9554 | D:7      | Found a shimmering altar of Xom.
  9832 | D:8      | You fall into a shaft and drop 2 floors!
  9832 | D:10     | Entered Level 10 of the Dungeon
 10192 | D:10     | Reached skill level 9 in Unarmed Combat
 10215 | D:10     | HP: 2/53 [killer bee (8)]
 10522 | D:10     | Gained mutation: Your spells are a little harder to cast,
                  | but a little more powerful. [potion of mutation]
 10522 | D:10     | Gained mutation: Scrolls take you a little longer to read.
                  | [potion of mutation]
 10522 | D:10     | Gained mutation: You are partially covered in slimy green
                  | scales. (AC +2) [potion of mutation]
 10550 | D:10     | Noticed a queen bee
 10564 | D:10     | Killed a queen bee
 10569 | D:10     | Reached *** piety under Cheibriados
 10911 | D:10     | Reached XP level 10. HP: 58/58 MP: 12/17
 10915 | D:10     | Reached skill level 10 in Unarmed Combat
 11113 | D:9      | Reached **** piety under Cheibriados
 11113 | D:9      | Reached skill level 5 in Spellcasting
 11785 | D:8      | Noticed Erica
 11805 | D:8      | Mangled by Erica

Levels and vault maps discovered:
D:1:      dpeg_arrival_long_road, layout_basic
D:2:      layout_loops_ring, nicolae_overflow_crystal_walls
D:3:      layout_loops_cross, nicolae_overflow_hidden_temple,
          lemuel_crystal_altar, ebering_ghost_inner_flame, minmay_starry_boxes
D:4:      layout_layer_cave, minmay_temple_entry_offerings, first_ration
D:5:      cheibrodos_two_vegetables, layout_basic, lemuel_round_altar,
          kennysheep_crisscross, okawaru_gym_becter, uniq_sigmund, uniq_duvessa
D:6:      layout_basic
D:7:      layout_basic, kennysheep_mini,
          grunt_temple_overflow_lords_of_destruction
D:8:      layout_basic, gammafunk_temple_overflow_claw, uniq_erica
D:9:      layout_roguey, grunt_temple_overflow_diamond
D:10:     layout_roguey, david_nohive_1, uniq_psyche, uniq_grum, uniq_erolcha
Temple:   nicolae_temple_figure_zero

Skill      XL: |  1  2  3  4  5  6  7  8  9 10 |
---------------+-------------------------------+-----
Transmutations | 3 4 5 6 7 |  7.0
Poison Magic   | 1 2 |  2.3
Unarmed Combat | 4 5 6 8 9 10 | 10.4
Stealth        | 3 5 |  5.0
Spellcasting   | 4 5 |  5.0
Invocations    | 1 3 |  3.0
Ice Magic      | 1 3 |  3.0
Fighting       | |  1.0
Dodging        | |  2.0

Action                   |  1- 3 |  4- 6 |  7- 9 | 10-12 || total
-------------------------+-------+-------+-------+-------++-------
Melee: Unarmed           |    71 |   102 |   270 |    39 ||   482
       Tentacles         |     7 |    11 |    21 |     4 ||    43
       Constrict         |    21 |    17 |    24 |     4 ||    66
       Kick              |    18 |    13 |    24 |     1 ||    56
       Punch             |       |     2 |     3 |     1 ||     6
 Cast: Beastly Appendage |    35 |    18 |    26 |     7 ||    86
       Sticks to Snakes  |       |     3 |    15 |     5 ||    23
       Spider Form       |       |     6 |    25 |     5 ||    36
       Ice Form          |       |       |     4 |       ||     4
Invok: Bend Time         |       |       |     1 |       ||     1
 Abil: End Transformatio |       |       |     2 |       ||     2
  Use: Scroll            |       |     9 |     6 |       ||    15
       Potion            |       |     3 |     3 |     2 ||     8
 Stab: Sleeping          |    10 |     4 |     9 |     2 ||    25
       Distracted        |       |       |     1 |       ||     1
  Eat: Chunk             |     2 |     6 |     8 |       ||    16
       Ration            |       |     1 |     4 |       ||     5
Armor: Skin              |     1 |     7 |    17 |     2 ||    27
Dodge: Dodged            |    42 |    89 |   187 |    11 ||   329
